 Crawl Stoat Soup version 0.23-ish-327-104-g30f0781d17 (console) character file.

1272 hilarita the Twirler (level 8, -1/124 HPs)
             Began as an Ogre Gladiator on Apr 18, 2024.
             Was a Believer of Makhleb.
             Slain by Duvessa
             ... wielding a +4 short sword of freezing
              (5 damage)
             ... on level 6 of the Dungeon.
             The game lasted 00:12:05 (7176 turns).

hilarita the Twirler (Ogre Gladiator)               Turns: 7176, Time: 00:12:06

Health: -1/124     AC:  6    Str: 26    XL:     8   Next: 53%
Magic:  10/10      EV: 11    Int:  9    God:    Makhleb [**....]
Gold:   212        SH:  0    Dex: 10    Spells: 7/7 levels left

rFire    + . .     SeeInvis +   C - +5 quarterstaff (chaos)
rCold    . . .     Gourm    .   (shield currently unavailable)
rNeg     . . .     Faith    .   b - +0 robe
rPois    .         Spirit   .   c - +1 hat
rElec    .         Warding  .   m - +1 cloak
rCorr    .         Reflect  .   (gloves unavailable)
MR       .....     Harm     .   (boots unavailable)
Stlth    ..........             t - amulet of rage
HPRegen  0.30/turn              s - ring of see invisible
MPRegen  0.12/turn              B - ring of protection from fire

@: berserking, very quick
A: large, unfitting armour, tough skin 1
a: Minor Destruction, Renounce Religion, Evoke Berserk Rage


You were on level 6 of the Dungeon.
You worshipped Makhleb.
Makhleb was pleased with you.
You were not hungry.

You visited 1 branch of the dungeon, and saw 6 of its levels.

You collected 212 gold pieces.

Inventory:

Hand Weapons
 a - a +0 quarterstaff
 C - a +5 quarterstaff of chaos (weapon)
Missiles
 l - 28 poisoned darts (quivered)
 r - 3 curare-tipped darts
 A - 3 javelins
Armour
 b - a +0 robe (worn)
 c - a +1 hat (worn)
 m - a +1 cloak (worn)
Jewellery
 s - a ring of see invisible (left hand)
 t - an amulet of rage (around neck)
 B - a ring of protection from fire (right hand)
Wands
 v - a wand of flame (27 charges)
 x - a wand of clouds (5 charges)
 G - a wand of scattershot (6 charges)
Scrolls
 u - 4 scrolls of teleportation
 y - a scroll of enchant armour
Potions
 e - a potion of ambrosia
 g - 2 potions of heal wounds
 h - 3 potions of might
 j - a potion of haste
 n - 2 potions of flight
 o - a potion of resistance {unknown}
 p - a potion of agility
 q - a potion of berserk rage
 w - a potion of cancellation {unknown}
 z - a potion of lignification {unknown}
 D - 2 potions of brilliance
 F - a potion of curing {unknown}
Comestibles
 f - 2 bread rations
 i - 2 meat rations
 E - 6 chunks of flesh


   Skills:
 + Level 6.0 Fighting
 * Level 6.7 Staves
 + Level 4.5 Throwing
 + Level 4.6 Dodging
 + Level 3.6 Invocations


You had 7 spell levels left.
You didn't know any spells.
Your spell library was empty.

Dungeon Overview and Level Annotations

Branches:
Dungeon (6/15)             Temple (0/1) D:6

Altars:
Kikubaaqudgha
Makhleb
Nemelex Xobeh

Annotations:
D:6 Duvessa


Innate Abilities, Weirdness & Mutations

You are too large for most types of armour.
You have tough skin. (AC +1)


Message History

Duvessa freezes you.
Throwing (i - inventory) (/) - cycle)
l - 29 poisoned darts (quivered)
Press: ? - help, Shift-Dir - straight line, f/p - Duvessa
Aim: Duvessa, wielding a short sword of freezing and wearing a dyed leather armour (heavily wounded, berserk, fast, unusually strong, poisoned)
You throw a poisoned dart. The poisoned dart hits Duvessa.
Duvessa is heavily wounded.
Duvessa barely misses you.
You hit Duvessa but do no damage.
Duvessa is heavily wounded.
Duvessa hits you with a short sword of freezing!
Duvessa freezes you.
Duvessa hits you with a short sword of freezing!!
Duvessa freezes you.
* * * LOW HITPOINT WARNING * * *
A red film seems to cover your vision as you go berserk!
You feel yourself moving faster!
You feel mighty!
Duvessa hits you with a short sword of freezing!
* * * LOW HITPOINT WARNING * * *
Duvessa freezes you.
You die...

#. #.# #.# # ##### #(.
#.#.#.##### ..# .......... #
#.# ...##### # #.# #.##### #
#(# #######...... # #.#
.........#### ####### #e#
#######.## ......## #@#
#######.# ####...#########.#
#.......# ####.............#
#.#####.#
.......##############.#####.#
#####.## #.............#
#####.## #..#...<....).#
.......########.#.###.#####.#
####..................#####.#
####..............##........#
........#######.####.#####..#
####.#### #.####..## #..#


You could see Duvessa (berserk).

Vanquished Creatures
  A black bear (D:6)
  A sky beast (D:6)
  An ogre (D:6)
  A phantom (D:6)
  A centaur (D:6)
  A bullfrog (D:6)
  Dowan (D:6)
  A howler monkey (D:6)
  A bullfrog skeleton (D:6)
  4 hounds
  Crazy Yiuf (D:5)
  An iguana (D:5)
  4 orc wizards
  4 worker ants
  A hound zombie (D:6)
  7 gnolls
  8 adders
  5 oozes
  5 worms
  A dart slug (D:3)
  3 leopard geckos
  21 orcs
  3 giant cockroaches
  5 goblins
  6 hobgoblins
  13 jackals
  2 weasels
  A ball python (D:1)
  6 bats
  9 frilled lizards
  6 kobolds
  9 rats
  A weasel skeleton (D:4)
135 creatures vanquished.

Notes
Turn   | Place    | Note
-------+----------+-------------------------------------------
     0 | D:1      | hilarita the Ogre Gladiator began the quest for the Orb.
     0 | D:1      | Reached XP level 1. HP: 22/22 MP: 1/1
     1 | D:1      | Found a runed door.
   342 | D:1      | Reached XP level 2. HP: 17/29 MP: 2/2
  1390 | D:1      | Reached XP level 3. HP: 36/37 MP: 3/3
  1576 | D:2      | Reached XP level 4. HP: 29/45 MP: 4/4
  1937 | D:2      | Reached XP level 5. HP: 47/54 MP: 5/5
  2760 | D:2      | Found a burning altar of Makhleb.
  2765 | D:2      | Became a worshipper of Makhleb the Destroyer
  3245 | D:3      | Found an ancient bone altar of Kikubaaqudgha.
  3945 | D:3      | Found a sparkling altar of Nemelex Xobeh.
  4003 | D:3      | Reached * piety under Makhleb
  4063 | D:3      | Reached skill level 1 in Invocations
  4110 | D:4      | Reached XP level 6. HP: 56/62 MP: 6/6
  4548 | D:5      | Entered Level 5 of the Dungeon
  4693 | D:5      | Reached skill level 5 in Staves
  5302 | D:5      | Found a runed door.
  5374 | D:5      | Reached XP level 7. HP: 49/71 MP: 8/8
  5751 | D:5      | Noticed Crazy Yiuf
  5752 | D:5      | Killed Crazy Yiuf
  5801 | D:6      | Found a staircase to the Ecumenical Temple.
  6002 | D:6      | Reached skill level 5 in Fighting
  6303 | D:6      | Reached XP level 8. HP: 81/81 MP: 10/10
  6567 | D:6      | Reached ** piety under Makhleb
  7153 | D:6      | Noticed Dowan
  7153 | D:6      | Noticed Duvessa
  7161 | D:6      | Killed Dowan
  7176 | D:6      | HP: 4/124 [Duvessa/short sword of freezing (13)]
  7176 | D:6      | Slain by Duvessa

Vault maps used:
D:1:      dpeg_arrival_caged_fury
D:2:      lightli_temple_of_fire, corexii_item_surrounded_by_moat
D:3:      lemuel_crystal_altar, lemuel_doored_altar,
          minmay_fractal_squares_gapless_5
D:5:      first_bread, uniq_crazy_yiuf_cottage
D:6:      marbit_many_paths, temple_fountains, uniq_duvessa

Skill      XL: |  1  2  3  4  5  6  7  8 |
---------------+-------------------------+-----
Fighting       | 3 4 5 6 |  6.0
Dodging        | 3 4 |  4.6
Staves         | 4 5 6 |  6.7
Throwing       | 3 4 |  4.5
Invocations    | 1 2 3 |  3.6

Action                   |  1- 3 |  4- 6 |  7- 9 || total
-------------------------+-------+-------+-------++-------
Melee: Quarterstaff      |    91 |   229 |   109 ||   429
Throw: Large rock        |       |     6 |     7 ||    13
       Throwing net      |       |     3 |     3 ||     6
       Dart              |       |       |     1 ||     1
  Use: Scroll            |     2 |     9 |     3 ||    14
       Potion            |       |       |     1 ||     1
 Stab: Sleeping          |     2 |     2 |     1 ||     5
       Held in net/web   |       |     2 |     2 ||     4
  Eat: Chunk             |     2 |     7 |     4 ||    13
       Bread ration      |       |     1 |     1 ||     2
Armor: Robe              |    30 |    62 |    17 ||   109
Dodge: Dodged            |    46 |   108 |    46 ||   200

Table legend:
 A = Spawn XP
 B = Non-spawn XP
 C = Spawn XP percentage of total XP
 D = Spawn monster count
 E = Non-spawn monster count
 F = Spawn count percentage of total count
 G = Total turns spent on level
                    A         B        C        D         E        F      G
               +---------+---------+-------+---------+---------+-------+---------
         Total |     226 |    1592 |  12.4 |      19 |     116 |  14.1 |  7176
               +---------+---------+-------+---------+---------+-------+---------
           D:1 |       6 |      75 |   7.4 |       4 |      32 |  11.1 |  1567
           D:2 |       3 |     110 |   2.7 |       2 |      16 |  11.1 |  1365
           D:3 |      25 |      95 |  20.8 |       6 |      26 |  18.8 |  1168
           D:4 |       3 |      98 |   3.0 |       1 |      10 |   9.1 |   448
           D:5 |       9 |     242 |   3.6 |       3 |      10 |  23.1 |  1231
           D:6 |     180 |     972 |  15.6 |       3 |      22 |  12.0 |  1397
               +---------+---------+-------+---------+---------+-------+---------
